[Event "Titled Tuesday Blitz February 14 Early 2023"]
[White "Sovetov, Oleksandr"]
[Black "Pakleza, Zbigniew"]
[WhiteFideId "34105786"]
[BlackFideId "1119290"]
[WhiteElo "1976"]
[BlackElo "2494"]
[Result "0-1"]
[Round "06"]
[TimeControl "180+2"]
[Date "2023.02.15"]
[WhiteClock "0:00:04"]
[BlackClock "0:00:03"]

1. Nf3 d5 2. e3 Nf6 3. c4 c6 4. Nc3 Bg4 5. cxd5 Bxf3 6. gxf3 cxd5 7. Qb3 Qd7 8. d4 Nc6 9. Bd2 e6 10. Rc1 Bd6 11. a3 O-O 12. f4 g6 13. Bd3 Rfc8 14. Ke2 Be7 15. Na4 Rc7 16. Rc2 Ne4 17. Be1 Nd6 18. Nc5 Qc8 19. Bd2 Nf5 20. Bxf5 gxf5 21. Rhc1 Bxc5 22. dxc5 f6 23. Qd3 Qe8 24. Rg1+ Kf8 25. Ke1 Qh5 26. Qf1 Rg7 27. Rxg7 Kxg7 28. h3 Kf7 29. b4 d4 30. b5 dxe3 31. Bxe3 Ne7 32. c6 bxc6 33. bxc6 Rc8 34. c7 Qf3 35. Qb5 Qxh3 36. Qd7 Qh1+ 37. Ke2 Qb7 38. Bc5 Rxc7 39. Qd6 Rd7 0-1


[Site "https://www.chess.com"]

[Event "Titled Tuesday Blitz February 14 Early 2023"]
[White "Jeet, Jain"]
[Black "Galchenko, Matvey"]
[WhiteFideId "5073022"]
[BlackFideId "24175480"]
[WhiteElo "2199"]
[BlackElo "2438"]
[Result "0-1"]
[Round "06"]
[TimeControl "180+2"]
[Date "2023.02.15"]
[WhiteClock "0:00:09"]
[BlackClock "0:00:05"]

1. Nf3 c5 2. g3 g6 3. Bg2 Bg7 4. O-O Nc6 5. d3 e5 6. c4 Nge7 7. Nc3 O-O 8. Qd2 d6 9. b3 h6 10. Bb2 Be6 11. Ne1 d5 12. cxd5 Nxd5 13. Nc2 Rc8 14. Rac1 b6 15. Nxd5 Bxd5 16. Ne3 Be6 17. Nc4 Bd5 18. Bh3 Rc7 19. Ne3 Nd4 20. Bxd4 exd4 21. Nxd5 Qxd5 22. Bg2 Qd6 23. b4 cxb4 24. Rxc7 Qxc7 25. Qxb4 Qc2 26. a4 Qxe2 27. Qc4 Re8 28. Bd5 Re7 29. Rc1 h5 30. Qc2 Qe5 31. Be4 h4 32. Qc8+ Bf8 33. Qg4 hxg3 34. hxg3 Bh6 35. Rc6 Qg5 36. Qxg5 Bxg5 37. Rd6 Rc7 38. Rxd4 Kg7 39. Rc4 Rd7 40. Kg2 Bf6 41. Kf3 Bd4 42. Ke2 f5 43. Bc6 Rd6 44. f4 Bc5 45. Bb5 Kf6 46. Rc1 Re6+ 47. Kf1 Re3 48. Kg2 Re2+ 49. Kh3 Rd2 50. Re1 Bd4 51. g4 Rf2 52. gxf5 gxf5 53. Kg3 Rb2 54. Rc1 Bf2+ 55. Kf3 Bc5 56. Rd1 Bd4 57. Rc1 Rh2 58. Rc6+ Ke7 59. Rc7+ Kd6 60. Rxa7 Rh3+ 61. Ke2 Re3+ 62. Kd2 Rg3 63. Rf7 Ke6 64. Rf8 Be3+ 65. Kc3 Bxf4 66. Bc4+ Ke5 67. Re8+ Kf6 68. Rf8+ Ke5 69. Re8+ Kd6 70. Rf8 Be5+ 71. Kb4 f4 72. Rb8 Kc7 73. Rf8 Bd6+ 0-1


[Site "https://www.chess.com"]

[Event "Titled Tuesday Blitz February 14 Early 2023"]
[White "Postny, Evgeny"]
[Black "Ljukin, Sergei"]
[WhiteFideId "2804344"]
[BlackFideId "14102200"]
[WhiteElo "2549"]
[BlackElo "2362"]
[Result "1-0"]
[Round "06"]
[TimeControl "180+2"]
[Date "2023.02.15"]
[WhiteClock "0:00:07"]
[BlackClock "0:00:03"]

1. e4 e6 2. d4 d5 3. Nd2 Nf6 4. e5 Nfd7 5. c3 c5 6. f4 Nc6 7. Ndf3 Qb6 8. g3 cxd4 9. cxd4 f6 10. Bd3 Be7 11. h4 f5 12. h5 Nxd4 13. Nxd4 Qxd4 14. Nf3 Qb6 15. Kf1 Nc5 16. Be3 Qxb2 17. Rb1 Qa3 18. Bb5+ Kf7 19. Bc1 Qxa2 20. Rb2 Qa1 21. Qc2 a6 22. Ra2 axb5 23. Rxa1 Rxa1 24. Kg2 Ne4 25. Qb2 Ra4 26. Be3 Bd7 27. Nd4 Rha8 28. Kh3 Ra2 29. Qc1 Rc8 30. Qb1 Ra3 31. Re1 Rcc3 32. Nc2 Rab3 33. Qd1 Bc6 34. Nd4 Rxe3 35. Nxb3 Rxg3+ 36. Kh2 Rc3 37. Nd4 Bh4 38. Rg1 Ra3 39. Qc2 b4 40. Nxc6 bxc6 41. Qxc6 Ra2+ 42. Kh3 Be7 43. h6 gxh6 44. Qc8 Nf2+ 45. Kg2 Ng4+ 46. Kf1 b3 47. Rg2 b2 48. Rxb2 Rxb2 49. Qh8 Ne3+ 50. Kg1 1-0


[Site "https://www.chess.com"]

[Event "Titled Tuesday Blitz February 14 Early 2023"]
[White "Parpiev, Isaak"]
[Black "Kukhmazov, Arsen"]
[WhiteFideId "34281576"]
[BlackFideId "24108260"]
[WhiteElo "2167"]
[BlackElo "2512"]
[Result "0-1"]
[Round "06"]
[TimeControl "180+2"]
[Date "2023.02.15"]
[WhiteClock "0:00:02"]
[BlackClock "0:00:10"]

1. d4 d5 2. c4 c6 3. Nc3 Nf6 4. Nf3 dxc4 5. a4 Bf5 6. Ne5 Nbd7 7. Nxc4 Qc7 8. g3 e5 9. dxe5 Nxe5 10. Bf4 Nfd7 11. Ne3 Be6 12. Bg2 Bb4 13. O-O O-O 14. Qc2 Rac8 15. Rac1 Qa5 16. Ne4 f6 17. Rfd1 Rcd8 18. h4 h6 19. Nc3 Bf7 20. Be4 Nc5 21. Bh7+ Kh8 22. Bxe5 fxe5 23. Bg6 Bb3 24. Rxd8 Qxd8 25. Qb1 Qf6 26. Ng4 Qe6 27. Ne3 Nxa4 28. Nxa4 Bxa4 29. h5 Bb5 30. Qc2 a5 31. Kg2 c5 32. f3 Bc6 33. Kh2 a4 34. g4 b5 35. Nf5 e4 36. f4 e3 37. Kg3 Bd2 38. Rd1 c4 39. Rxd2 exd2 40. Qxd2 Qe4 41. Nh4 Qh1 42. Qd4 Qe1+ 43. Kh3 Qxe2 44. Bf5 Qf1+ 45. Kg3 Qe1+ 46. Kh3 Be8 47. Be4 Qf1+ 48. Kg3 Qxf4+ 49. Kh3 Qf6 50. Qe3 Qxb2 0-1


[Site "https://www.chess.com"]

[Event "Titled Tuesday Blitz February 14 Early 2023"]
[White "AidenRchess"]
[Black "Movahed, Sina"]
[BlackFideId "42520835"]
[WhiteElo "2517"]
[BlackElo "2340"]
[Result "0-1"]
[Round "06"]
[TimeControl "180+2"]
[Date "2023.02.15"]
[WhiteClock "0:00:12"]
[BlackClock "0:00:15"]

1. e4 c5 2. Nf3 d6 3. Bb5+ Nd7 4. Ba4 Nf6 5. O-O e6 6. Re1 Be7 7. c3 O-O 8. d4 e5 9. Bc2 b5 10. Qe2 Rb8 11. h3 Qc7 12. Be3 a5 13. Na3 Ba6 14. Rab1 Qc6 15. d5 Qc8 16. b4 axb4 17. cxb4 c4 18. Nh4 g6 19. Rbc1 Nxd5 20. Nf5 gxf5 21. exd5 Nf6 22. Bh6 Nxd5 23. Qf3 Qe6 24. Bxf8 Bxf8 25. Bxf5 Qf6 26. Bxh7+ Kxh7 27. Qxd5 Bh6 28. Rc2 Qg6 29. Qe4 Qxe4 30. Rxe4 Bb7 31. Ree2 Bc6 32. Nb1 Bg7 33. a4 bxa4 34. Rxc4 Bb5 35. Rh4+ Kg6 36. Rd2 Rb6 37. Rg4+ Kh7 38. Nc3 Bd7 39. Rh4+ Kg8 40. Nd5 Rb8 41. Rc4 Be6 42. Rh4 a3 43. Nc3 f5 44. Rxd6 Bf7 45. b5 e4 46. g4 Bxc3 47. gxf5 a2 48. Rg4+ Kf8 49. Ra6 a1=Q+ 50. Rxa1 Bxa1 51. Rxe4 Rxb5 52. Rf4 Be5 53. Rf3 Rb1+ 54. Kg2 Bd5 0-1


[Site "https://www.chess.com"]

[Event "Titled Tuesday Blitz February 14 Early 2023"]
[White "Mahdavi, Reza"]
[Black "Cella, Glaucio Dalla Cortt"]
[WhiteFideId "12595926"]
[BlackFideId "2119455"]
[WhiteElo "2339"]
[BlackElo "1894"]
[Result "1-0"]
[Round "06"]
[TimeControl "180+2"]
[Date "2023.02.15"]
[WhiteClock "0:00:15"]
[BlackClock "0:00:03"]

1. e4 c5 2. Nf3 e6 3. c3 Nf6 4. e5 Nd5 5. a3 Nc6 6. d4 cxd4 7. cxd4 d6 8. Bd3 dxe5 9. dxe5 Be7 10. O-O h5 11. Nbd2 g5 12. Ne4 g4 13. Ne1 Nxe5 14. Bb5+ Bd7 15. Bxd7+ Qxd7 16. Qd4 f6 17. Be3 Nc6 18. Qd2 f5 19. Nc3 Nxe3 20. Qxe3 Bd6 21. Rd1 O-O-O 22. Nd3 Nd4 23. Nb4 Bc5 24. Qe5 Qc7 25. Qe1 Kb8 26. Na4 Bd6 27. Rxd4 Bxh2+ 28. Kh1 Rxd4 29. Qxe6 Qd7 30. Qxd7 Rxd7 31. Kxh2 Rd4 32. Nc3 Rhd8 33. Nc2 Rd2 34. Ne3 f4 35. Nc4 R2d3 36. Re1 a6 37. Re7 R8d7 38. Re8+ Rd8 39. Re7 R3d7 40. Re5 h4 41. Rg5 g3+ 42. fxg3 hxg3+ 43. Kh3 b5 44. Ne5 Rd6 45. Nf7 Rd2 46. Nxd8 Rxd8 47. Kg4 Rd4 48. Kf3 b4 49. axb4 Rxb4 50. Nd5 Rxb2 51. Nxf4 Rb3+ 52. Ke4 Kb7 53. Nd3 Rc3 54. Rxg3 Kb6 55. Rg6+ Kb5 56. Kd4 Rc4+ 57. Ke3 Rc2 58. g4 a5 59. Rg8 a4 60. Rb8+ Ka5 61. Ra8+ Kb5 62. g5 Rg2 63. Kf4 Kc4 64. Ne5+ Kb3 65. Ng4 a3 66. g6 Rg1 67. g7 a2 68. g8=Q+ Kb2 69. Qxa2+ 1-0


[Site "https://www.chess.com"]

[Event "Titled Tuesday Blitz February 14 Early 2023"]
[White "Novikov, Evgenij"]
[Black "Costachi, Mihnea"]
[WhiteFideId "4125380"]
[BlackFideId "1217518"]
[WhiteElo "2276"]
[BlackElo "2476"]
[Result "0-1"]
[Round "06"]
[TimeControl "180+2"]
[Date "2023.02.15"]
[WhiteClock "0:00:01"]
[BlackClock "0:01:33"]

1. d4 d5 2. c4 dxc4 3. e3 Nf6 4. Bxc4 c5 5. Nf3 cxd4 6. O-O Nc6 7. exd4 e6 8. Nc3 Be7 9. a3 O-O 10. Re1 a6 11. Be3 b5 12. Ba2 Bb7 13. Rc1 Rc8 14. Qd3 Na5 15. Ne5 Nd5 16. Bb1 g6 17. Bh6 Re8 18. Qh3 Nb3 19. Nxf7 Qb6 20. Rxe6 Qxd4 21. Rce1 Kxf7 22. Rxg6 Bf6 23. Rf1 hxg6 24. Bc1 Nxc1 25. Qh7+ Bg7 26. Qxg6+ Kf8 0-1


[Site "https://www.chess.com"]

[Event "Titled Tuesday Blitz February 14 Early 2023"]
[White "Matinian, Nikita"]
[Black "Jaskolka, Tomasz"]
[WhiteFideId "24129100"]
[BlackFideId "1170791"]
[WhiteElo "2407"]
[BlackElo "2238"]
[Result "1-0"]
[Round "06"]
[TimeControl "180+2"]
[Date "2023.02.15"]
[WhiteClock "0:00:51"]
[BlackClock "0:00:20"]

1. e4 c5 2. Nf3 e6 3. d4 cxd4 4. Nxd4 Nc6 5. Nc3 Qc7 6. Be2 a6 7. O-O Nf6 8. Bg5 Be7 9. Kh1 h6 10. Be3 O-O 11. f4 d6 12. Qe1 Nxd4 13. Bxd4 b5 14. Qg3 Bb7 15. a3 Rac8 16. Bd3 Qd7 17. Rae1 Bc6 18. f5 e5 19. Be3 Nh5 20. Qh3 Nf4 21. Bxf4 exf4 22. Rxf4 Bf6 23. Nd1 Rfe8 24. Rg4 Kh8 25. Rf1 Qb7 26. Nf2 b4 27. axb4 Qxb4 28. e5 Qxb2 29. exf6 Qxf6 30. Rg3 a5 31. Ng4 Qg5 32. f6 a4 1-0


[Site "https://www.chess.com"]

[Event "Titled Tuesday Blitz February 14 Early 2023"]
[White "Md, Imran"]
[Black "Kokoszczynski, Jan"]
[WhiteFideId "25748580"]
[BlackFideId "1174460"]
[WhiteElo "2284"]
[BlackElo "2247"]
[Result "0-1"]
[Round "06"]
[TimeControl "180+2"]
[Date "2023.02.15"]
[WhiteClock "0:00:57"]
[BlackClock "0:00:04"]

1. e4 c6 2. d4 d5 3. e5 Bf5 4. h4 h5 5. Bd3 Bxd3 6. Qxd3 e6 7. Ne2 Qb6 8. O-O Qa6 9. Qf3 Nd7 10. Nd2 Ne7 11. b3 Nf5 12. g3 Be7 13. c4 g6 14. Bb2 Kf8 15. cxd5 cxd5 16. Rfc1 Kg7 17. Nf4 Rac8 18. Qd3 Qxd3 19. Nxd3 b6 20. Kg2 Rhd8 21. a4 a5 22. Kf3 Nb8 23. Ke2 Kf8 24. Nf3 Ke8 25. Rxc8 Rxc8 26. Rc1 Rxc1 27. Bxc1 Nc6 28. Be3 Kd7 29. Nb2 Kc7 30. Nd1 Bb4 31. Kd3 Nd8 32. Bg5 Nc6 33. Bc1 Kb7 34. Ng5 Ncxd4 35. Nxf7 Nxb3 36. Be3 Nc5+ 37. Bxc5 bxc5 38. Ng5 c4+ 39. Kc2 d4 40. Nxe6 Kc6 41. Nb2 d3+ 42. Nxd3 cxd3+ 43. Kxd3 Kd5 44. Nf4+ Kxe5 45. Nxg6+ Kd5 46. Nf4+ Kc5 47. Nxh5 Be1 48. Ke2 Bc3 49. Kd3 Kb4 50. Nf4 Ba1 51. h5 Kxa4 52. g4 Ne7 53. g5 Kb3 54. Ne6 Kb4 55. f4 a4 56. Kc2 a3 57. Nc7 Bd4 58. Na6+ Kc4 59. Nb8 a2 60. Nd7 a1=Q 61. Kd2 Qb2+ 62. Ke1 Kd3 0-1


[Site "https://www.chess.com"]

[Event "Titled Tuesday Blitz February 14 Early 2023"]
[White "Bilan, Danila"]
[Black "Vaibhav Jayant Raut"]
[WhiteFideId "24161918"]
[BlackFideId "5089034"]
[WhiteElo "2303"]
[BlackElo "2237"]
[Result "0-1"]
[Round "06"]
[TimeControl "180+2"]
[Date "2023.02.15"]
[WhiteClock "0:00:01"]
[BlackClock "0:01:41"]

1. d4 Nf6 2. Nf3 e6 3. g3 b6 4. Bg2 Bb7 5. O-O Be7 6. c4 O-O 7. d5 exd5 8. Nh4 Re8 9. cxd5 Bf8 10. Nc3 d6 11. Nf5 Bc8 12. Nd4 g6 13. e4 Bg7 14. h3 a5 15. Re1 Bd7 16. Be3 Na6 17. f4 Nc5 18. Bf2 Nh5 19. Kh2 Rb8 20. Nc6 Bxc6 21. dxc6 Nf6 22. Qd2 h5 23. Rad1 h4 24. g4 Nh7 25. e5 dxe5 26. Qxd8 Rexd8 27. Rxd8+ Rxd8 28. Bxh4 Rd2 29. Nd5 exf4 30. Re8+ Nf8 31. Nxf4 Kh7 32. Nd5 Nfe6 33. Nf6+ Kh6 34. Kg3 g5 35. Nh5 Be5+ 36. Kf3 Nd4+ 37. Ke3 Re2# 0-1


[Site "https://www.chess.com"]

[Event "Titled Tuesday Blitz February 14 Early 2023"]
[White "Csonka, Balazs"]
[Black "Reprintsev, Alexander"]
[WhiteFideId "742910"]
[BlackFideId "14100541"]
[WhiteElo "2496"]
[BlackElo "2253"]
[Result "0-1"]
[Round "06"]
[TimeControl "180+2"]
[Date "2023.02.15"]
[WhiteClock "0:00:04"]
[BlackClock "0:00:18"]

1. Nf3 Nc6 2. e4 d5 3. exd5 Qxd5 4. Nc3 Qa5 5. d4 Nf6 6. Bd2 a6 7. a3 Bg4 8. h3 Qh5 9. d5 Bxf3 10. Qxf3 Qxf3 11. gxf3 Nd4 12. O-O-O Nxf3 13. Bf4 O-O-O 14. h4 Nh5 15. Rd3 Nxf4 16. Rxf3 g6 17. Rxf4 Bh6 18. Bh3+ f5 19. Ne2 Rxd5 20. Kb1 Rd2 21. Rf3 Rxe2 22. h5 e6 23. hxg6 hxg6 24. Rg1 g5 25. Bg2 g4 26. Rb3 c6 27. Rh1 Bg7 28. Rxh8+ Bxh8 29. Re3 Rxe3 30. fxe3 Bf6 31. Kc1 Bg5 32. Kd2 Kd7 33. Kd3 e5 34. b3 e4+ 35. Kd2 Ke6 36. Bf1 b5 37. Ke2 Kd5 38. Kf2 Bh4+ 39. Ke2 Ke5 40. Kd2 Be7 41. Ke2 Bxa3 0-1


[Site "https://www.chess.com"]

[Event "Titled Tuesday Blitz February 14 Early 2023"]
[White "Turzo, Attila"]
[Black "Ozates, Tuna"]
[WhiteFideId "704954"]
[BlackFideId "6354521"]
[WhiteElo "2279"]
[BlackElo "2251"]
[Result "0-1"]
[Round "06"]
[TimeControl "180+2"]
[Date "2023.02.15"]
[WhiteClock "0:00:02"]
[BlackClock "0:00:10"]

1. d4 Nf6 2. c4 e6 3. Nf3 d5 4. g3 dxc4 5. Qa4+ Bd7 6. Qxc4 Bc6 7. Bg2 Bd5 8. Qb5+ Bc6 9. Qc4 Bd5 10. Qb5+ Nbd7 11. Nc3 a6 12. Qd3 c5 13. Nxd5 Nxd5 14. O-O Be7 15. Bd2 O-O 16. e4 N5f6 17. Bc3 cxd4 18. Qxd4 Nc5 19. Rfe1 Qc7 20. e5 Rfd8 21. Qc4 b5 22. Qe2 Nd5 23. Bd4 Rac8 24. Rac1 Qa5 25. b3 Nb4 26. Ra1 Ncd3 27. Red1 Rc2 28. Rd2 Rdc8 29. Ne1 Rc1 30. Rd1 Bg5 31. Nxd3 R8c2 32. Qf3 Nxd3 33. Qxd3 Rd2 34. Raxc1 Rxd3 35. Rc8+ Bd8 36. Rxd3 g6 37. Bb6 Qxb6 38. Rdxd8+ Kg7 39. h4 Qa5 40. Kf1 Qxa2 41. g4 Kh6 0-1


[Site "https://www.chess.com"]

[Event "Titled Tuesday Blitz February 14 Early 2023"]
[White "Sokolovsky, Yahli"]
[Black "Degenbaev, Aziz"]
[WhiteFideId "2820242"]
[BlackFideId "13802640"]
[WhiteElo "2461"]
[BlackElo "2203"]
[Result "1-0"]
[Round "06"]
[TimeControl "180+2"]
[Date "2023.02.15"]
[WhiteClock "0:00:17"]
[BlackClock "0:00:01"]

1. b3 d6 2. e3 f5 3. Bb2 e5 4. d4 e4 5. c4 Nf6 6. d5 g6 7. Ne2 Bg7 8. Qd2 O-O 9. h4 a5 10. Nf4 Qe8 11. Nc3 Na6 12. Nb5 Bd7 13. Nd4 Nc5 14. Be2 Rf7 15. O-O-O Re7 16. Kb1 Ng4 17. Bxg4 fxg4 18. Qe2 h5 19. Bc3 Ra6 20. Qb2 a4 21. b4 a3 22. Qd2 Na4 23. Ba1 Rb6 24. Nde6 Bxe6 25. dxe6 c5 26. b5 Bxa1 27. Kxa1 Qf8 28. Nd5 Qg7+ 29. Kb1 Rxe6 30. Rc1 Re5 31. Nxb6 Nxb6 32. Qxd6 Rd5 33. Qe6+ Kh7 34. Rc2 1-0


[Site "https://www.chess.com"]

[Event "Titled Tuesday Blitz February 14 Early 2023"]
[White "Bychkov, Vladimir"]
[Black "Hansen, Sune Berg"]
[WhiteFideId "24151513"]
[BlackFideId "1400266"]
[WhiteElo "2225"]
[BlackElo "2517"]
[Result "0-1"]
[Round "06"]
[TimeControl "180+2"]
[Date "2023.02.15"]
[WhiteClock "0:01:01"]
[BlackClock "0:01:46"]

1. d4 Nf6 2. c4 g6 3. Nf3 Bg7 4. Nc3 d6 5. g3 O-O 6. Bg2 Nbd7 7. O-O e5 8. h3 exd4 9. Nxd4 Re8 10. Re1 Nc5 11. e4 Bd7 12. f3 a5 13. Be3 a4 14. Bf2 c6 15. b4 axb3 16. axb3 Rxa1 17. Qxa1 Nd3 18. Rd1 Nxf2 19. Kxf2 Qb6 20. Na4 Qa7 21. Kf1 Nh5 22. g4 Nf4 23. e5 Bxe5 24. b4 b5 25. cxb5 cxb5 0-1


[Site "https://www.chess.com"]

[Event "Titled Tuesday Blitz February 14 Early 2023"]
[White "Kanyamarala, Tarun"]
[Black "Liyanage, Ranindu Dilshan"]
[WhiteFideId "45004714"]
[BlackFideId "9915834"]
[WhiteElo "2342"]
[BlackElo "2342"]
[Result "1-0"]
[Round "06"]
[TimeControl "180+2"]
[Date "2023.02.15"]
[WhiteClock "0:01:06"]
[BlackClock "0:00:05"]

1. d4 d5 2. c4 e6 3. Nf3 Nf6 4. g3 dxc4 5. Bg2 a6 6. O-O Nc6 7. e3 Bd7 8. Qe2 Bd6 9. b3 cxb3 10. axb3 O-O 11. Bb2 Qe7 12. Nbd2 e5 13. dxe5 Nxe5 14. Nxe5 Bxe5 15. Bxe5 Qxe5 16. Bxb7 Rab8 17. Bg2 Bb5 18. Nc4 Qc3 19. Rfb1 Rfd8 20. Qa2 Bxc4 21. bxc4 Rxb1+ 22. Rxb1 h5 23. Qxa6 Ng4 24. h3 Nxf2 25. Qb7 Qxe3 26. Qxc7 Re8 27. Kh2 Nd3 28. Rb8 Rxb8 29. Qxb8+ Kh7 30. Qb7 Kg8 31. Qa8+ Kh7 32. Qe4+ 1-0


[Site "https://www.chess.com"]

[Event "Titled Tuesday Blitz February 14 Early 2023"]
[White "Klabis, Rokas"]
[Black "Kavutskiy, Konstantin"]
[WhiteFideId "12805246"]
[BlackFideId "2026384"]
[WhiteElo "2415"]
[BlackElo "2414"]
[Result "1-0"]
[Round "06"]
[TimeControl "180+2"]
[Date "2023.02.15"]
[WhiteClock "0:00:35"]
[BlackClock "0:00:08"]

1. e4 Nc6 2. Nc3 d6 3. d4 Nf6 4. Nf3 g6 5. h3 Bg7 6. Be3 O-O 7. Qd2 e5 8. dxe5 Nxe5 9. Nxe5 dxe5 10. O-O-O Qxd2+ 11. Rxd2 c6 12. Be2 Be6 13. Rhd1 Rfe8 14. a4 a5 15. Bb6 Bf8 16. Rd8 Bb4 17. f3 Nh5 18. Rxa8 Rxa8 19. Rd8+ Rxd8 20. Bxd8 Nf4 21. Bf1 Kf8 22. Nd1 Ke8 23. Bc7 f6 24. Ne3 Kd7 25. Bb6 Be1 26. Kd1 Bf2 27. Kd2 h5 28. Bxa5 h4 29. Bb6 g5 30. a5 Kc8 31. b3 Kd7 32. b4 Kc8 33. c4 Kd7 34. b5 cxb5 35. cxb5 Kc8 36. a6 bxa6 37. bxa6 Bd7 38. Nc4 Bg3 39. Nd6+ Kb8 40. Bd8 Nh5 41. Bb6 Bf4+ 42. Ke1 Bg3+ 43. Kd2 Bf4+ 44. Be3 Bxe3+ 45. Kxe3 Ka7 46. Nb7 Bc8 47. Nc5 Kb6 48. Na4+ Ka7 49. Nc5 Kb6 50. Na4+ Ka7 51. Bc4 Bxa6 52. Bf7 Nf4 53. Kf2 Nd3+ 54. Ke3 Nf4 55. Kf2 Nd3+ 56. Kg1 Kb7 57. Nc3 Bc4 58. Bxc4 1-0


[Site "https://www.chess.com"]

[Event "Titled Tuesday Blitz February 14 Early 2023"]
[White "Bochnicka, Vladimir"]
[Black "Papasimakopoulos, Alexandros"]
[WhiteFideId "14943450"]
[BlackFideId "4244125"]
[WhiteElo "2327"]
[BlackElo "2401"]
[Result "0-1"]
[Round "06"]
[TimeControl "180+2"]
[Date "2023.02.15"]
[WhiteClock "0:00:10"]
[BlackClock "0:00:07"]

1. e4 e6 2. d4 d5 3. exd5 exd5 4. c4 Nf6 5. Nc3 Bb4 6. Bd3 O-O 7. Ne2 Nc6 8. O-O Bg4 9. f3 Bh5 10. Be3 Re8 11. Bf2 Bg6 12. a3 Bxd3 13. Qxd3 dxc4 14. Qxc4 Ba5 15. Rad1 Bb6 16. Ng3 Qd7 17. Nge4 Nh5 18. Nc5 Qc8 19. d5 Ne5 20. Qh4 Nf6 21. b4 Ng6 22. Qg3 a5 23. Bd4 axb4 24. axb4 Qf5 25. Bxf6 Qxf6 26. Ne4 Qb2 27. Rb1 Qd4+ 28. Kh1 Qxd5 29. Rfd1 Qe5 30. Nxb7 h5 31. Nbc5 h4 32. Qxe5 Nxe5 33. Rd5 h3 34. f4 hxg2+ 35. Kxg2 Nc4 36. Rg5 Ra2+ 37. Kf3 Rea8 38. Nf6+ Kf8 39. Ncd7+ Ke7 40. Re1+ Ne3 41. Nxb6 cxb6 42. Nd5+ Kf8 43. Rxe3 Rxh2 44. Ke4 Rd8 45. Nxb6 Rb2 46. Nd5 Rd2 47. Re5 f6 48. Rf5 Kf7 49. Rd3 Re8+ 50. Kd4 Rb2 51. Kc3 Rb1 52. Rh5 Rc8+ 53. Kd4 Rd8 54. Rh2 Rxb4+ 55. Kc3 Ra4 56. Re2 Rc8+ 57. Kd2 Ra2+ 58. Ke3 Re8+ 59. Kf3 Raxe2 60. f5 R2e5 61. Ne3 R8e7 62. Kf4 Ra7 63. Nc4 Ra4 64. Rd4 Rc5 65. Nd6+ Ke7 66. Rxa4 Kxd6 67. Ra6+ Rc6 68. Ra7 Rc7 69. Ra6+ Kd5 70. Ra5+ Rc5 71. Ra7 Rc4+ 72. Kf3 Ke5 73. Rxg7 Kxf5 74. Kf2 Rc3 75. Rg3 Rxg3 76. Kxg3 Ke4 77. Kf2 Kf4 78. Ke2 Kg3 79. Kf1 f5 80. Ke1 Kg2 81. Ke2 f4 0-1


[Site "https://www.chess.com"]

[Event "Titled Tuesday Blitz February 14 Early 2023"]
[White "Boyer, Mahel"]
[Black "Hajiyev, Kanan"]
[WhiteFideId "45102422"]
[BlackFideId "13404148"]
[WhiteElo "2489"]
[BlackElo "2197"]
[Result "1-0"]
[Round "06"]
[TimeControl "180+2"]
[Date "2023.02.15"]
[WhiteClock "0:00:02"]
[BlackClock "0:00:03"]

1. e4 c6 2. c4 d5 3. cxd5 cxd5 4. exd5 Qxd5 5. Nc3 Qd6 6. Nf3 Nf6 7. d4 a6 8. Ne5 e6 9. Bf4 Qb4 10. Nc4 Nd5 11. a3 Nxc3 12. Qc2 Qa4 13. Qxc3 Nd7 14. Be2 Be7 15. Nd6+ Bxd6 16. Bxd6 Nf6 17. Bf3 Nd5 18. Bxd5 exd5 19. O-O Be6 20. Qg3 Qxd4 21. Be5 Qg4 22. Qb3 O-O 23. Qxb7 d4 24. Rad1 Rfd8 25. Bg3 d3 26. Rd2 h5 27. h3 Qg6 28. Rfd1 Bd5 29. Qe7 1-0


[Site "https://www.chess.com"]

[Event "Titled Tuesday Blitz February 14 Early 2023"]
[White "Stoleriu, George"]
[Black "Sowul, Bartosz"]
[WhiteFideId "1227505"]
[BlackFideId "1137590"]
[WhiteElo "2390"]
[BlackElo "2269"]
[Result "1-0"]
[Round "06"]
[TimeControl "180+2"]
[Date "2023.02.15"]
[WhiteClock "0:00:16"]
[BlackClock "0:00:03"]

1. e4 c5 2. Be2 Nc6 3. f4 e6 4. Nf3 d5 5. d3 Bd6 6. O-O Nge7 7. c3 f6 8. Na3 O-O 9. Nc2 b5 10. a4 b4 11. cxb4 cxb4 12. Be3 Qc7 13. Nfd4 a6 14. Rc1 Nxd4 15. Nxd4 Qd8 16. Bf3 Rb8 17. Qb3 Bb7 18. Nxe6 Qd7 19. Nxf8 Kxf8 20. e5 Nf5 21. Bg4 Be7 22. Bc5 h5 23. Bxf5 Bxc5+ 24. Rxc5 Qxf5 25. Qxb4 Kg8 26. Rc7 a5 27. Qe7 Qg6 28. Rxb7 Rc8 29. exf6 gxf6 30. Qe6+ Kh8 31. Qxc8+ 1-0


[Site "https://www.chess.com"]

[Event "Titled Tuesday Blitz February 14 Early 2023"]
[White "Fernandez, Michael"]
[Black "Morefield, Jason"]
[WhiteFideId "5803560"]
[BlackFideId "30920825"]
[WhiteElo "2181"]
[BlackElo "2167"]
[Result "0-1"]
[Round "06"]
[TimeControl "180+2"]
[Date "2023.02.15"]
[WhiteClock "0:00:15"]
[BlackClock "0:00:34"]

1. d4 Nf6 2. Nf3 d5 3. c4 e6 4. g3 dxc4 5. Qc2 a6 6. Qxc4 b5 7. Qc2 Bb7 8. Bg2 Nbd7 9. Bf4 c5 10. dxc5 Bxc5 11. O-O Rc8 12. Qd1 O-O 13. Nc3 Qb6 14. a4 Rfd8 15. Qb3 b4 16. a5 Qa7 17. Na4 Bd5 18. Qd1 Be7 19. Rc1 Nc5 20. Nxc5 Bxf3 21. Nd3 Rxc1 22. Qxc1 Bxe2 23. Ne5 Bxf1 24. Nc6 Qb7 25. Qxf1 Rc8 26. Nxe7+ Qxe7 27. Qxa6 Qd7 28. Bf1 Nd5 29. Qb5 Qxb5 30. Bxb5 Nxf4 31. gxf4 Rc5 0-1


[Site "https://www.chess.com"]

[Event "Titled Tuesday Blitz February 14 Early 2023"]
[White "Weetik, Vjacheslav"]
[Black "Krstulovic, Alex"]
[WhiteFideId "4153472"]
[BlackFideId "760056"]
[WhiteElo "2423"]
[BlackElo "2428"]
[Result "1-0"]
[Round "06"]
[TimeControl "180+2"]
[Date "2023.02.15"]
[WhiteClock "0:00:05"]
[BlackClock "0:00:06"]

1. d4 Na6 2. e4 c6 3. Bxa6 Qa5+ 4. Nc3 Qxa6 5. Nge2 g6 6. O-O Bg7 7. Bf4 Nf6 8. Qd2 O-O 9. e5 Nd5 10. Bh6 Nxc3 11. Nxc3 d6 12. Bxg7 Kxg7 13. Qf4 Bf5 14. Rac1 Rad8 15. Rfe1 Qb6 16. b3 Rfe8 17. exd6 Rxd6 18. Rxe7 Rxe7 19. Qxd6 Rd7 20. Qe5+ f6 21. Qe1 Kf7 22. Ne2 Re7 23. Qd2 Bg4 24. Ng3 Kg7 25. h3 Be6 26. c3 Bd5 27. Re1 Qc7 28. Re3 a5 29. c4 Bf7 30. Qc3 a4 31. Ne4 Qf4 32. Nc5 Qc7 33. Nxa4 b5 34. cxb5 cxb5 35. Qxc7 Rxc7 36. Nc5 Ra7 37. a4 bxa4 38. bxa4 f5 39. Ra3 Ra5 40. f4 Kf6 41. Kf2 Bd5 42. Ke3 Bxg2 43. h4 Bd5 44. Ra1 Ke7 45. Kd3 Kd6 46. Kc3 Ra8 47. a5 Re8 48. a6 Re3+ 49. Kd2 Rh3 50. a7 Ba8 51. Rb1 Ra3 52. Rb8 Rxa7 53. Rh8 Kd5 54. Kc3 Ra3+ 55. Kb4 Ra1 56. Kc3 Ra3+ 57. Kb4 Ra7 58. Rd8+ Kc6 59. d5+ Kb6 60. d6 Bc6 61. Rb8+ Bb7 62. d7 Kc6 63. d8=Q Ra1 64. Qe8+ Kd6 65. Qe5+ Kc6 66. Rxb7 Rb1+ 67. Kc3 Rc1+ 68. Kd2 Rxc5 69. Rc7+ Kb6 70. Qxc5+ Ka6 71. Ra7# 1-0


[Site "https://www.chess.com"]

[Event "Titled Tuesday Blitz February 14 Early 2023"]
[White "Piesik, Piotr"]
[Black "Gurevich, Dmitry"]
[WhiteFideId "1136194"]
[BlackFideId "2000407"]
[WhiteElo "2426"]
[BlackElo "2393"]
[Result "1-0"]
[Round "06"]
[TimeControl "180+2"]
[Date "2023.02.15"]
[WhiteClock "0:00:59"]
[BlackClock "0:00:09"]

1. Nf3 Nf6 2. g3 d5 3. Bg2 c6 4. O-O Bf5 5. d3 h6 6. Nbd2 e6 7. Qe1 Bh7 8. e4 Be7 9. Qe2 O-O 10. b3 a5 11. a4 Na6 12. Bb2 Nb4 13. Ne1 b5 14. Kh1 dxe4 15. dxe4 Qb6 16. Bxf6 Bxf6 17. e5 Be7 18. axb5 cxb5 19. Bxa8 Rxa8 20. c4 bxc4 21. Nxc4 Qc6+ 22. Kg1 Qb5 23. Qf3 Nd5 24. Ra4 Bg6 25. Ng2 Rb8 26. Nxa5 Nc3 27. Qxc3 Bb4 28. Rxb4 Qxb4 29. Qxb4 Rxb4 30. Nf4 Be4 31. Re1 Ba8 32. Re3 g5 33. Nh5 Kh7 34. Nf6+ Kg6 35. g4 Rd4 36. f3 Rd2 37. Nc4 Rc2 38. Nd6 Bc6 39. b4 Rb2 40. b5 Bxb5 41. Nxb5 Rxb5 42. Kg2 Rb2+ 43. Kg3 Rc2 44. h4 gxh4+ 45. Kxh4 Rh2+ 46. Kg3 Ra2 47. Rb3 Ra5 48. Kf4 Ra4+ 49. Ne4 h5 50. gxh5+ Kxh5 51. Rb8 Kg6 52. Rg8+ Kh7 53. Rg1 Kh6 54. Kg4 Kg6 55. Kf4+ Kh6 56. Rg4 Rb4 57. Kg3 Rb5 58. Nd6 1-0


[Site "https://www.chess.com"]